 Dungeon Crawl Stone Soup version 0.13.0-6-g40e4d2d (webtiles) character file.

572 Leibowitz the Ducker (level 7, -2/43 HPs)
             Began as a Kobold Fighter on Oct 14, 2013.
             Slain by a kobold
             ... wielding a +1,+2 elven dagger of electrocution
              (17 damage)
             ... on Level 5 of the Dungeon.
             The game lasted 00:16:46 (4472 turns).

Leibowitz the Ducker (Kobold Fighter)               Turns: 4472, Time: 00:16:46

HP  -2/43        AC  7     Str 15      XL: 7   Next:  0%
MP   6/6         EV 15     Int  6      God:
Gold 208         SH 12     Dex 17      Spells:  0 memorised,  6 levels left

Res.Fire  : + . .   See Invis. : .   b - +0 blowgun
Res.Cold  : . . .   Warding    : .   j - +2 elf leather armour
Life Prot.: . . .   Conserve   : .   c - +0 buckler
Res.Poison: .       Res.Corr.  : .   (no helmet)
Res.Elec. : .       Clarity    : .   y - +1 cloak
Sust.Abil.: + .     Spirit.Shd : .   (no gloves)
Res.Mut.  : .       Stasis     : .   (no boots)
Res.Rott. : .       Flight     : .   (no amulet)
Saprovore : + + .                    o - ring of sustain abilities {unknown}
                                     g - ring of protection from fire {unknown}

@: slightly resistant to hostile enchantments, stealthy
A: disease resistance, carnivore 3, saprovore 2
a: no special abilities


You were on level 5 of the Dungeon.
You were very full.

You visited 1 branch of the dungeon, and saw 5 of its levels.

You collected 188 gold pieces.

Inventory:

Hand weapons
 a - a +0,+0 short sword
 b - a +0 blowgun (weapon)
 v - a +2,+1 dagger of returning
 B - a +3,+0 elven dagger
Missiles
 r - 3 needles of confusion
 u - 9 poisoned needles (quivered)
Armour
 c - a +0 buckler (worn)
 j - a +2 elven leather armour (worn)
 y - a +1 cloak (worn)
Magical devices
 w - a wand of slowing (7)
Comestibles
 d - 4 meat rations
 C - a rotting chunk of rat flesh
Scrolls
 e - 3 scrolls of amnesia {unknown}
 f - 6 scrolls of remove curse {unknown}
 h - 3 scrolls of identify
 i - a scroll of noise {unknown}
 k - 2 scrolls of magic mapping {unknown}
 m - a scroll of fog {unknown}
 n - 2 scrolls of blinking {unknown}
 p - a scroll of teleportation {unknown}
 q - a scroll of enchant weapon I {unknown}
 s - a scroll of curse weapon {unknown}
 t - 4 scrolls of enchant armour {unknown}
 x - 3 scrolls of curse jewellery {unknown}
 z - a scroll of random uselessness {unknown}
 A - a scroll of recharging {unknown}
 D - 2 scrolls of curse armour {unknown}
Jewellery
 g - a ring of protection from fire (left hand) {unknown}
 o - a ring of sustain abilities (right hand) {unknown}
Potions
 l - a potion of restore abilities


   Skills:
 * Level 4.3 Fighting
 + Level 3.9 Short Blades
 - Level 2.4 Armour
 * Level 4.8 Dodging
 * Level 3.0 Stealth
 * Level 3.3 Shields


You had 6 spell levels left.
You didn't know any spells.

Dungeon Overview and Level Annotations

Branches:
Dungeon (5/27)
 Temple: D:4-7

Altars:
Fedhas

Shops:
D:4 %

Annotations:
D:4 exclusion: centaur


Innate Abilities, Weirdness & Mutations

You recuperate from illness quickly.
You are small and have problems with some larger weapons.
You are carnivorous and can eat meat at any time.
You can eat rotten meat.


Message History

You barely miss the centaur.
The centaur is lightly wounded.
The centaur completely misses you. It hits you but does no damage.
b - an uncursed blowgun (weapon)
The centaur hits you but does no damage.
Read which item? (? for menu, Esc to quit)
As you read the scroll labeled XEEPA PEQEM, it crumbles to dust.
Use on which item? (\ to view known items) (? for menu, Esc to quit)
w - a wand of slowing (7) It was a scroll of identify.
The centaur barely misses you. It hits you but does no damage.
The centaur closely misses you. The centaur barely misses you.
You see here a ring of fire.
Drink which item? (? for menu, Esc to quit)
Okay, then.
You completely miss it. The centaur closely misses you. It barely misses you.
The centaur hits you. You block its attack.
You miss it. The centaur hits you. The centaur closely misses you.
It hits you but does no damage.
You are electrocuted!
You die...

... .... ...... ....
#...... ..## #.....# #.#
#.?...# #.# #.....# #.#
#.....# #.#
#.....#########.#
#@..............#
#####c.(............#
#.....................##
.......................
.......................
#######################


You could see a centaur.

Vanquished Creatures
  A sky beast (D:3)
  Crazy Yiuf (D:3)
  An orc priest (D:3)
  2 scorpions
  An orc wizard (D:4)
  4 adders
  A worm (D:2)
  10 orcs
  2 ball pythons
  8 goblins
  8 hobgoblins
  11 jackals
  A quokka (D:3)
  8 bats
  3 giant cockroaches
  A giant gecko (D:3)
  7 giant newts
  13 kobolds
  7 rats
90 creatures vanquished.

Notes
Turn   | Place    | Note
--------------------------------------------------------------
     0 | D:1      | Leibowitz, the Kobold Fighter, began the quest for the Orb.
     0 | D:1      | Reached XP level 1. HP: 14/14 MP: 0/0
   159 | D:1      | Reached XP level 2. HP: 19/19 MP: 1/1
   438 | D:1      | Reached skill level 1 in Stealth
   455 | D:1      | Reached XP level 3. HP: 16/24 MP: 2/2
   693 | D:2      | Reached skill level 1 in Dodging
  1155 | D:2      | Reached XP level 4. HP: 17/28 MP: 3/3
  1317 | D:2      | Reached skill level 4 in Fighting
  2225 | D:3      | Reached XP level 5. HP: 33/33 MP: 4/4
  2289 | D:3      | Noticed a sky beast
  2313 | D:3      | Killed a sky beast
  2417 | D:3      | Reached XP level 6. HP: 35/39 MP: 5/5
  2918 | D:3      | Noticed Crazy Yiuf
  2935 | D:3      | Killed Crazy Yiuf
  3530 | D:4      | Found a blossoming altar of Fedhas.
  4087 | D:4      | Found Ghekly's Food Shop.
  4313 | D:5      | Entered Level 5 of the Dungeon
  4351 | D:5      | Reached XP level 7. HP: 43/43 MP: 6/6
  4472 | D:5      | Slain by a kobold

Action                   |  1- 3 |  4- 6 |  7- 9 || total
-------------------------+-------+-------+-------++-------
Melee: Short sword       |   166 |   230 |    13 ||   409
       Blowgun           |       |       |     2 ||     2
 Fire: Blowgun           |       |    44 |       ||    44
  Use: Potion            |       |     4 |     1 ||     5
       Scroll            |       |       |     1 ||     1
 Stab: Sleeping          |     1 |     8 |       ||     9
       Confused          |       |     2 |       ||     2
